 Dungeon Crawl Stone Soup version 0.21-a0-525-ga34b322 (webtiles) character file.

13 kibaces the Skirmisher (level 2, -1/26 HPs)
             Began as a Draconian Fighter on Dec 7, 2017.
             Slain by a hobgoblin (4 damage)
             ... on level 1 of the Dungeon.
             The game lasted 00:00:59 (248 turns).

kibaces the Skirmisher (Draconian Fighter)           Turns: 248, Time: 00:00:59

Health: -1/26      AC:  4    Str: 18    XL:     2   Next: 24%
Magic:  2/2        EV: 10    Int:  8    God:
Gold:   30         SH:  9    Dex: 10    Spells: 1/1 levels left

rFire    . . .     SeeInvis .   a - +0 long sword
rCold    . . .     Gourm    .   b - +0 shield
rNeg     . . .     Faith    .   (armour unavailable)
rPois    .         Spirit   .   (helmet restricted)
rElec    .         Reflect  .   (no cloak)
rCorr    .         Harm     .   (no gloves)
MR       .....                  (no boots)
Stlth    +.........             (no amulet)
HPRegen  0.08/turn              (no ring)
MPRegen  0.08/turn              (no ring)

@: no status effects
A: unfitting armour, cold-blooded, AC +4
a: no special abilities


You were on level 1 of the Dungeon.
You were not hungry.

You visited 1 branch of the dungeon, and saw 1 of its levels.

You collected 30 gold pieces.

Inventory:

Hand Weapons
 a - a +0 long sword (weapon)
Armour
 b - a +0 shield (worn)
Jewellery
 f - an uncursed amulet of magic regeneration {unknown}
Scrolls
 e - a scroll of remove curse {unknown}
 h - a scroll of magic mapping {unknown}
 j - a scroll of fog {unknown}
Potions
 c - a potion of might
 i - a potion of degeneration {unknown}
Comestibles
 d - a bread ration
 g - 5 chunks of flesh


   Skills:
 + Level 3.5 Fighting
 + Level 2.1 Long Blades
 + Level 2.9 Dodging
 + Level 3.2 Shields


You had one spell level left.
You didn't know any spells.

Dungeon Overview and Level Annotations

Branches:
Dungeon (1/15)

Altars:


Innate Abilities, Weirdness & Mutations

Your plain brown scales are hard. (AC +4)
You cannot fit into any form of body armour.
You are cold-blooded and may be slowed by cold attacks.


Message History

The bat hits you but does no damage. The bat barely misses you.
You miss the bat. The bat closely misses you.
The goblin hits you but does no damage.
You hit the goblin but do no damage. You tail-slap the goblin.
The goblin is severely wounded.
You block the bat's attack.
You hit the kobold. You tail-slap the kobold.
You kill the kobold!
You block the bat's attack. The goblin barely misses you.
The goblin hits you with a club.
You hit the hobgoblin but do no damage. The hobgoblin hits you.
The goblin hits you with a club.
* * * LOW HITPOINT WARNING * * *
You block the hobgoblin's attack.
You closely miss the hobgoblin. The bat hits you.
* * * LOW HITPOINT WARNING * * *
The bat hits you but does no damage. The bat completely misses you.
You riposte.
You miss the bat. The goblin barely misses you. The hobgoblin hits you.
You die...

##### ####### ###### ###...##
#...... ......##...#.)#
###......
.......#.####.#######........
#...#.>..........'........
#.....##gb#######....####
#......g@.# #....#
#.†....##....# ######
#.†....###.#.# #.......# .# #
###.# ..........# .# ..#.####
#........## ##.#.#)..
#........# ##..#.#.##
.....$..#.. #. ##...#.#.#.
#.......#... #. ##....#.#.#.


You could see a hobgoblin, a goblin and a bat.

Vanquished Creatures
  A giant cockroach (D:1)
  A goblin (D:1)
  4 kobolds (D:1)
  4 bats (D:1)
  A frilled lizard (D:1)
  A rat (D:1)
12 creatures vanquished.

Notes
Turn   | Place    | Note
-------+----------+-------------------------------------------
     0 | D:1      | kibaces the Draconian Fighter began the quest for the Orb.
     0 | D:1      | Reached XP level 1. HP: 19/19 MP: 1/1
   173 | D:1      | Reached XP level 2. HP: 26/26 MP: 2/2
   248 | D:1      | Slain by a hobgoblin

Vault maps used:
D:1:      elethiomel_arrival_shortcut, minmay_close_crescents

Action                   || total
-------------------------++-------
Melee: Long sword        ||    38
       Tailslap          ||     5
 Stab: Sleeping          ||     2
Armor: Skin              ||    26
Dodge: Dodged            ||    43
Block: Shield            ||    39
       Rpst.: Long sword ||    12

Table legend:
 A = Spawn XP
 B = Non-spawn XP
 C = Spawn XP percentage of total XP
 D = Spawn monster count
 E = Non-spawn monster count
 F = Spawn count percentage of total count
 G = Total turns spent on level
                    A         B        C        D         E        F      G
               +---------+---------+-------+---------+---------+-------+---------
         Total |       0 |      19 |   0.0 |       0 |      12 |   0.0 |   248
               +---------+---------+-------+---------+---------+-------+---------
           D:1 |       0 |      19 |   0.0 |       0 |      12 |   0.0 |   248
               +---------+---------+-------+---------+---------+-------+---------
